 Dungeon Crawl Stone Soup version 0.27.0-1-g7a089689b8 (webtiles) character file.

Game seed: 17292665307595838516

18 skAll the Charlatan (level 2, 0/21 HPs)
             Began as a Human Artificer on Aug 7, 2021.
             Succumbed to an adder's poison
             ... on level 2 of the Dungeon.
             The game lasted 00:03:22 (1717 turns).

skAll the Charlatan (Human Artificer)               Turns: 1717, Time: 00:03:23

Health: 0/21       AC:  4    Str: 10 (12) XL:     2   Next: 90%
Magic:  2/2        EV: 11    Int: 10 (11) God:
Gold:   34         SH:  0    Dex: 11 (13) Spells: 1/1 levels left

rFire    . . .     SeeInvis .   a - +0 club
rCold    . . .     Faith    .   (no shield)
rNeg     . . .     Spirit   .   b - +0 leather armour
rPois    .         Reflect  .   (no helmet)
rElec    .         Harm     .   (no cloak)
rCorr    .         Rampage  .   f - +0 pair of gloves
Will     .....                  (no boots)
Stlth    +.........             (no amulet)
HPRegen  0.07/turn              (no ring)
MPRegen  0.08/turn              (no ring)

@: lethally poisoned (0 -> -5)
A: no striking features
a: no special abilities


You were on level 2 of the Dungeon.
You visited 1 branch of the dungeon, and saw 2 of its levels.

You collected 34 gold pieces.

Inventory:

Hand Weapons
 a - a +0 club (weapon)
Missiles
 g - 8 boomerangs (quivered)
Armour
 b - a +0 leather armour (worn)
 f - a +0 pair of gloves (worn)
Wands
 c - a wand of flame (15)
 d - a wand of charming (12)
Scrolls
 h - a scroll of noise {unknown}
 j - a scroll of teleportation {unknown}
 k - a scroll of enchant armour {unknown}
Miscellaneous
 e - a piece from Xom's chessboard (15/15)


   Skills:
 + Level 1.3 Fighting
 * Level 1.2 Maces & Flails
 + Level 2.2 Armour
 - Level 1.0 Dodging
 - Level 1.0 Stealth
 + Level 3.1 Evocations


You had one spell level left.
You didn't know any spells.
Your spell library was empty.

Dungeon Overview and Level Annotations

Branches:
Dungeon (2/15)

Altars:


Message History

You hit the adder.
The adder is moderately wounded.
The adder closely misses you.
You completely miss the adder.
The adder is moderately wounded.
The adder bites you. The adder bites you but does no damage.
You barely miss the adder.
The adder is moderately wounded.
The adder bites you but does no damage. x2
You closely miss the adder.
The adder is moderately wounded.
The adder bites you.
You hit the adder but do no damage.
The adder is moderately wounded.
The adder barely misses you. The adder bites you.
You are poisoned.
The adder poisons you!
Aiming: Charm
Press: ? - help, Shift-Dir - straight line, f - adder
Aim: an adder (moderately wounded, chance to affect: 64%)
The adder struggles to resist.
You feel sick. The adder bites you but does no damage.
Aiming: Charm
Press: ? - help, Shift-Dir - straight line, f/p - adder
Aim: an adder (moderately wounded, chance to affect: 64%)
The adder struggles to resist.
You feel sick. The adder bites you.
* * * LOW HITPOINT WARNING * * *
You are lethally poisoned!
The adder poisons you!
It was a potion of magic.
Magic courses through your body.
* * * LOW HITPOINT WARNING * * *
You feel sick.
The adder bites you but does no damage. x2
It was a potion of degeneration.
There was something very wrong with that liquid.
You feel weakened.
You feel dopey.
You feel clumsy.
* * * LOW HITPOINT WARNING * * *
You feel sick. The adder bites you.
* * * LOW HITPOINT WARNING * * *
There is a lethal amount of poison in your body!
You die...

......##.####.##.#
..............##.######.
....#......#............
.........#..####.###### ....#
.....#...............# ....#
.....##..######<.##### .^...#
.....###..# ##.##### .....#
....#####.# ##÷.....###.....#
..w.......###...@....#.......
########...÷....S............
#####.................
#.................
#................. ####
#..........######. ...#####
##........##
##.†...#####..........####
#####....................


You could see an adder.

Vanquished Creatures
  2 endoplasms (D:1)
  A goblin (D:1)
  2 hobgoblins
  A quokka (D:1)
  A ball python (D:2)
  3 bats
  A frilled lizard (D:1)
  4 rats
15 creatures vanquished.

Vanquished Creatures (collateral kills)
  A worm (D:2)
  A bat (D:2)
2 creatures vanquished.

Grand Total: 17 creatures vanquished

Notes
Turn   | Place    | Note
-------+----------+-------------------------------------------
     0 | D:1      | skAll the Human Artificer began the quest for the Orb.
     0 | D:1      | Reached XP level 1. HP: 15/15 MP: 1/1
   304 | D:1      | Reached XP level 2. HP: 18/21 MP: 2/2
   423 | D:1      | Reached skill level 1 in Maces & Flails
   789 | D:1      | Found a faded altar of an unknown god.
  1716 | D:2      | HP: 1/21 [adder (1)]
  1717 | D:2      | Succumbed to an adder's poison

Illustrated notes

Levels and vault maps discovered:
D:1:      matt_arrival_los_fun, layout_basic,
          hellmonk_ecumenical_altar_inner_sanctum, minmay_liquid_box,
          lemuel_another_geyser
D:2:      layout_rooms, kennysheep_generic_room_8

Skill      XL: |  1  2 |
---------------+-------+-----
Maces & Flails | 1 |  1.2
Fighting       | |  1.3
Armour         | |  2.2
Dodging        | |  1.0
Stealth        | |  1.0
Evocations     | |  3.1

Action                   || total
-------------------------++-------
Melee: Club              ||    70
Throw: Boomerang         ||     6
Evoke: Wand              ||     3
  Use: Potion            ||     2
 Stab: Sleeping          ||     1
Armor: Leather armour    ||    40
Dodge: Dodged            ||    60
